 Seeded DCSS version 0.30.1-4-g462c640d31 (webtiles) character file.

Game seed: 16738777312109589736 (custom seed)

82 Mune the Conjurer (level 4, 0/24 HPs)
             Began as a Deep Elf Fire Elementalist on Aug 21, 2023.
             Killed from afar by Ijyb (9 damage)
             ... with a puff of flame
             ... on level 4 of the Dungeon.
             The game lasted 00:05:01 (2799 turns).

Mune the Conjurer (Deep Elf Fire Elementalist)      Turns: 2799, Time: 00:05:02

Health: 0/24       AC:  3    Str:  5    XL:     4   Next: 21%
Magic:  11/19      EV: 13    Int: 22    God:
Gold:   151        SH:  0    Dex: 21    Spells: 2/9 levels left

rFire   . . .        j - +3 dagger
rCold   . . .        (no shield)
rNeg    . . .        a - +0 robe
rPois   .            (no helmet)
rElec   .            (no cloak)
rCorr   .            s - +0 pair of gloves
SInv    .            (no boots)
Will    .....        (no amulet)
Stlth   ++           n - ring of magical power
HPRegen 0.24/turn    m - +6 ring of dexterity
MPRegen 0.16/turn

%: no passive effects
@: no status effects
A: no striking features
a: no special abilities


You were on level 4 of the Dungeon.
You visited 1 branch of the dungeon, and saw 4 of its levels.

You collected 151 gold pieces.

Inventory:

Hand Weapons
 j - a +3 dagger (weapon)
Armour
 a - a +0 robe (worn)
 s - a +0 pair of gloves (worn)
Jewellery
 m - a +6 ring of dexterity (right hand)
 n - a ring of magical power (left hand)
Wands
 q - a wand of flame (26)
Scrolls
 c - 2 scrolls of fear {unknown}
 e - 2 scrolls of vulnerability {unknown}
 g - a scroll of teleportation {unknown}
 h - a scroll of summoning {unknown}
 k - 5 scrolls of identify {unknown}
 p - 2 scrolls of poison {unknown}
 r - a scroll of silence {unknown}
 t - a scroll of enchant weapon {unknown}
Potions
 b - a potion of magic
 d - 4 potions of heal wounds {unknown}
 f - a potion of mutation {unknown}
 i - 3 potions of curing {unknown}
 l - 2 potions of degeneration {unknown}
 o - a potion of brilliance {unknown}
 u - a potion of attraction {unknown}
 v - a potion of invisibility {unknown}


   Skills:
 - Level 2.4 Dodging
 - Level 2.4 Stealth
 - Level 3.0 Spellcasting
 + Level 4.5 Conjurations
 - Level 3.2 Fire Magic


You had 2 spell levels left.
You knew the following spells:

 Your Spells              Type           Power      Damage    Failure   Level
a - Foxfire               Conj/Fire      80%        2x1d8     2%          1
b - Scorch                Fire           34%        2d6       4%          2
c - Flame Wave            Conj/Fire      20%        2d7       24%         4

Your spell library contained the following spells:

 Spells                   Type           Power      Damage    Failure   Level
 Kiss of Death            Conj/Necr      52%        2d9       4%          1
 Shock                    Conj/Air       52%        1d6       4%          1
 Inner Flame              Hex/Fire       10%        N/A       19%         3
 Volatile Blastmotes      Fire/Tloc      20%        2d11      19%         3
 Confusing Touch          Hex            3%         N/A       36%         3
 Swiftness                Air            3%         N/A       36%         3
 Vhi's Electric Charge    Tloc/Air       6%         N/A       36%         3
 Airstrike                Air            1%         2d(1-17)  77%         4
 Dispel Undead            Necr           3%         3d7       77%         4
 Summon Lightning Spire   Summ/Air       3%         N/A       77%         4
 Arcjolt                  Conj/Air       6%         1d16      80%         5
 Plasma Beam              Fire/Air       5%         2x1d17    100%        6
 Storm Form               Tmut/Air       1%         N/A       100%        7
 Maxwell's Capacitive Co  Air            1%         ∞         100%        8


Dungeon Overview and Level Annotations

Branches:
Dungeon (4/15)
 Temple: D:4-7

Altars:
Ashenzari
The Shining One

Shops:
D:1 *

Annotations:
D:4 Ijyb


Message History

You conjure some foxfire!
You conjure some foxfire!
A goblin is nearby!
There are no items here.
The foxfire hits the goblin.
You kill the goblin!
Your foxfire dissipates!
Your foxfire dissipates! x2
Ijyb the Twisted Goblin comes into view.
She is wielding a +0 dagger and carrying a wand of flame (11).
You conjure some foxfire!
Ijyb shouts!
You conjure some foxfire!
The foxfire hits Ijyb.
Ijyb is lightly wounded.
The foxfire hits Ijyb but does no damage.
Ijyb is lightly wounded.
Ijyb zaps a wand.
The puff of flame hits you!
You conjure some foxfire!
The foxfire hits Ijyb.
Ijyb is lightly wounded.
The foxfire hits Ijyb.
Ijyb is moderately wounded.
Ijyb grins evilly.
You conjure some foxfire!
The foxfire hits Ijyb.
Ijyb is moderately wounded.
The foxfire hits Ijyb.
Ijyb is heavily wounded.
Ijyb zaps a wand.
The puff of flame hits you.
You are too injured to fight recklessly!
You are too injured to fight recklessly!
You are too injured to fight recklessly!
The foxfire hits Ijyb.
Ijyb is heavily wounded.
The foxfire hits Ijyb.
Ijyb is severely wounded.
You are too injured to fight recklessly!
Casting: Foxfire (safe; 2% risk of failure)
Confirm with . or Enter, or press ? or * to list all spells.
Flames lash Ijyb.
Ijyb is almost dead.
Ijyb's fire resistance burns away.
Ijyb zaps a wand.
The puff of flame hits you!
You die...

....# ....#
#)...# )....#.
.....<.
###.#.....
###.g.......
###..§@§....#
###.#....##.#####
.......<.# $#
###..#...# .#
~~~. #...# .# ###
#.... .# ##..####
#..# #..#


You could see Ijyb (combustible).

Vanquished Creatures
  Jessica (D:2)
  An adder (D:2)
  4 dart slugs (D:1)
  2 orcs
  3 bats
  5 endoplasms
  A giant cockroach (D:3)
  6 goblins
  2 hobgoblins (D:1)
  3 quokkas
  4 ball pythons (D:1)
  2 frilled lizards
  2 rats
36 creatures vanquished.

Vanquished Creatures (others)
  199 foxfires
199 creatures vanquished.

Grand Total: 235 creatures vanquished

Notes
Turn   | Place    | Note
-------+----------+-------------------------------------------
     0 | D:1      | Mune the Deep Elf Fire Elementalist began the quest for the
                  | Orb.
     0 | D:1      | Reached XP level 1. HP: 10/10 MP: 6/6
   247 | D:1      | Reached skill level 2 in Conjurations
   348 | D:1      | Found Liawk's General Store.
   413 | D:1      | Reached XP level 2. HP: 13/15 MP: 2/8
   794 | D:1      | Reached skill level 3 in Conjurations
  1366 | D:2      | Reached XP level 3. HP: 19/19 MP: 9/9
  1369 | D:2      | Learned a level 2 spell: Scorch
  1830 | D:2      | Noticed Jessica
  1836 | D:2      | Killed Jessica
  1837 | D:2      | Reached skill level 4 in Conjurations
  1924 | D:2      | Found a broken altar of Ashenzari.
  2013 | D:2      | Reached XP level 4. HP: 24/24 MP: 10/10
  2403 | D:3      | Found a glowing golden altar of the Shining One.
  2513 | D:3      | Learned a level 4 spell: Flame Wave
  2624 | D:3      | Found a faded altar of an unknown god.
  2793 | D:4      | Noticed Ijyb
  2799 | D:4      | Killed from afar by Ijyb

Illustrated notes

Levels and vault maps discovered:
D:1:      lemuel_arrival_broad_hall, layout_basic, serial_shops,
          nicolae_shop_crystal
D:2:      layout_basic, basic_altar, minmay_stone_trees_small, uniq_jessica
D:3:      layout_rooms, mainiacjoe_overflow_24_doors,
          dreamdust_ecumenical_altar_statues
D:4:      layout_basic, mainiacjoe_overflow_small_starburst, serial_rivers,
          chequers_serial_rivers_large_b, chequers_serial_rivers_micro_b,
          chequers_serial_rivers_micro_a, chequers_serial_rivers_micro_b,
          chequers_serial_rivers_micro_b, chequers_serial_rivers_small_3,
          portal_sewer_entry_a, serial_shops, shop, uniq_ijyb, uniq_pikel

Skill      XL: |  1  2  3 |
---------------+----------+-----
Conjurations   | 2 3 4 |  4.5
Dodging        | |  2.4
Stealth        | |  2.4
Spellcasting   | |  3.0
Fire Magic     | |  3.2

Action                     |  1- 3 |  4- 6 || total
---------------------------+-------+-------++-------
   Cast: Foxfire           |    91 |    36 ||   127
         Scorch            |       |     1 ||     1
 Armour: Robe              |     2 |       ||     2
  Dodge: Dodged            |     6 |       ||     6
